Bulii, chaotic male orcish Wizard --- ---- ----- -----.- |..| --..)----- |......--- ------ --..-- |........| --........| ---- -->--.---....| |..----..---|.........| --..| |...........^| ---- |....||.....--..| |...------- --............-- --....--*|...|---- --..SSS--.----..............-- |........|..-- |...S|S...-|................-- --....).----- --- |..S-|....S--................| ----|.. --......| --.---...|----...)...............----..-|@f. --......| ---.....S.*-- ---------..........-- |...&|^| |.......| |...........--- |..--.--.--- --...::| |......-- |.........^%..| ---|.----|--- |--..... |.....-- |.--..........| |..|.|-..--- |...... --....| ---|.........-- --...)|.....| ---..-- --...| |....---..| |......)....| |...-- |...----------.|..| ---- --.........--------.--- |...........<..|..| |.........^.........| -----------...)|--- |.......------------- --.--- ---.----- --- --- Bulii the Thaumaturge Experience level: 7 Strength: 10 Dexterity: 13 Constitution: 18 Intelligence: 16 Wisdom: 12 Charisma: 10 Health: 0(58) Energy: 60(60) Def: 1 Gold: 380 Moves: 4918 Dungeon seed: IAZQRMOvBArNNOSD Game ID: Bulii_1545588362 Your Inventory: Coins $ - 380 gold pieces Weapons a - a blessed +1 quarterstaff A - 6 +0 darts C - a poisoned +0 dart Armor e - a blessed +0 cloak of magic resistance (being worn) Comestibles r - an uncursed lembas wafer v - a blessed tin of newt meat z - an uncursed orange D - an uncursed sprig of wolfsbane J - an uncursed pancake Q - an uncursed lembas wafer S - an uncursed slime mold W - 3 uncursed food rations Z - an uncursed apple Scrolls i - an uncursed scroll of magic mapping j - an uncursed scroll of food detection k - an uncursed scroll of create monster x - an uncursed scroll of light y - an uncursed scroll of enchant armor P - an uncursed scroll of remove curse Spellbooks l - a blessed spellbook of force bolt m - an uncursed spellbook of confuse monster s - an uncursed spellbook of detect monsters Potions g - an uncursed potion of oil h - a blessed potion of object detection H - an uncursed potion of booze L - a blessed potion of extra healing Rings c - an uncursed ring of polymorph d - an uncursed ring of free action n - an uncursed ring of fire resistance Wands b - a wand of slow monster (0:4) q - a wand of cold (0:4) Tools t - 4 uncursed partly used wax candles (lit) (0:92) w - an uncursed brass lantern (0:99) G - an uncursed wooden harp M - an uncursed tin opener O - an uncursed figurine of a newt R - an uncursed towel U - a +0 grappling hook (weapon in hand) V - an uncursed skeleton key Gems E - an uncursed amber stone I - 2 uncursed worthless pieces of violet glass N - an uncursed chrysoberyl stone T - an uncursed sapphire Y - an uncursed jade stone Spells and supernatural/magical abilities: Name Level Category Fail Memory a - force bolt 1 attack 0% 76% n - detect monsters 1 divination 0% 80% u - confuse monster 2 enchantment 0% 76% W - pray for help -- divine ? -- Your skills at the end: Fighting Skills Weapon Skills quarterstaff [Basic] Spellcasting Skills attack spells [Skilled] enchantment spells [Basic] Final Attributes: You were devoutly aligned. You were poison resistant. You were magic-protected. You were blinded. You had wounded legs. You were telepathic. You had infravision. You are dead. Vanquished creatures: 2 large mimics a shocking sphere a tengu a soldier a quivering blob a winter wolf cub 2 bugbears 10 gnome lords 3 gnomish wizards a black naga hatchling a straw golem a giant ant 2 floating eyes 10 dwarves a giant bat a wererat 2 iguanas 3 hobbits 2 manes a hobgoblin 4 giant rats 3 cave spiders 3 green molds a red mold 37 gnomes a garter snake a gnome zombie 2 geckos 9 jackals a sewer rat 7 grid bugs a bat 5 lichens 7 newts 129 creatures vanquished. Voluntary challenges: You used a wielded weapon 106 times, starting on turn 126. You read items or engraved 3 times, starting on turn 197. You never genocided any monsters. You never polymorphed an object. You never changed form. You used no wishes. You never split a pudding. You wrote Elbereth's name 2 times, starting on turn 197. You violated your moral code, losing 59 points of alignment, starting on turn 2364. Dungeon overview: The Dungeons of Doom: levels 1 to 4 Level 1 a fountain a long staircase Level 2 Level 3 a general store, a fountain Level 4 an altar to Ptah, some fountains stairs to The Gnomish Mines The Gnomish Mines: levels 5 to 10 Level 5 stairs to The Dungeons of Doom Level 6 Level 7 many shops, a temple to Ptah, some fountains Level 8 Level 9 Level 10 <- You were here History has recorded: On T:1 you entered the Dungeons of Doom to retrieve the Amulet of Yendor! On T:55 you reached level 2 of The Dungeons of Doom. On T:867 you reached level 3 of The Dungeons of Doom. On T:1120 you advanced to experience level 2. On T:1467 you reached level 4 of The Dungeons of Doom. On T:1468 you advanced to experience level 3. On T:1884 you reached level 1 of The Gnomish Mines. On T:2034 you advanced to experience level 4. On T:2372 you advanced to experience level 5. On T:2629 you reached level 2 of The Gnomish Mines. On T:2947 you reached level 3 of The Gnomish Mines. On T:3017 you advanced to experience level 6. On T:3553 you reached level 4 of The Gnomish Mines. On T:3627 you advanced to experience level 7. On T:4093 you reached level 5 of The Gnomish Mines. On T:4334 you reached level 6 of The Gnomish Mines. Score breakdown: Gold: 380 ( 8779 points) Experience: 7 levels (13645 points) Exploration: 10 levels ( 20.41%) (12990 points) Discoveries: 12 items ( 4.33%) ( 6244 points) Valuables value: (no points given unless you survive) Artifact value: 0 ( 0 points) Variety of kills: 34 monsters ( 8.92%) ( 8961 points) Turncount: 4918 turns (-1330 points) Survival: died (score multiplied by 80%) Total score: 39431 Latest messages: You see here a crossbow. You stop exploring. A little dart shoots out at you! You are hit by a little dart. There are a few objects here. You see here 4 crossbow bolts. You displace your succubus. You stop exploring. KAABLAMM!!! You triggered a land mine! Your movements are slowed slightly because of your load. You fall into a pit! You are still in a pit. You crawl to the edge of the pit. You displace your succubus. One of your legs feels somewhat better. Your movements are now unencumbered. You are momentarily blinded by a flash of light! The tiger hits! (2x) The tiger bites! You hear some noises. The tiger hits! (2x) You die... Final status: Goodbye Bulii the Wizard, killed by a tiger... You died in The Gnomish Mines on dungeon level 10 with 39431 points, and 380 pieces of gold, after 4918 moves. You were level 7 with a maximum of 58 hit points when you died.